| TOP OF THE 1ST |
|
Missoula Osprey batting - Pitching for Kingsport Mets : RHP Dan Mathews
|
|
Pitching: RHP Dan Mathews
|
|
|
Batting: RHB Mike Smith
|
0-0: Ball 1-0: Called Strike 1-1: Ball 2-1: Ground out 6-3 (Groundball, 6, EV 80.6 MPH)
|
|
Batting: RHB Hector Tabares
|
0-0: Ball 1-0: Called Strike 1-1: Ball 2-1: SINGLE (Groundball, 56, EV 106.2 MPH)
|
|
Batting: LHB Danny Salas
|
0-0: Called Strike 0-1: Ball 1-1: Fly out, F7 (Flyball, 7LD, EV 103.8 MPH)
|
|
Batting: LHB Ron Mills
|
0-0: Ball 1-0: Ground out 4-3 (Groundball, 34, EV 80.6 MPH)
|
| Top of the 1st over - 0 runs, 1 hit, 0 errors, 1 left on base; Missoula 0 - Kingsport 0 |
| BOTTOM OF THE 1ST |
|
Kingsport Mets batting - Pitching for Missoula Osprey : RHP Moises Baez
|
|
Pitching: RHP Moises Baez
|
|
|
Batting: RHB Michael Youngberry
|
0-0: Bunted foul 0-1: Ball 1-1: Ball 2-1: Ball 3-1: Called Strike 3-2: Base on Balls
|
|
Batting: RHB Artyom Shavkunov
|
0-0: Ball Michael Youngberry steals 2nd base 1-0: Ball 2-0: Called Strike 2-1: Ball Wild Pitch! Michael Youngberry to third 3-1: Base on Balls
|
|
Batting: SHB Tyler Maddux
|
0-0: Ball 1-0: Foul Ball, location: 2F 1-1: Ball Wild Pitch! Michael Youngberry scores Artyom Shavkunov to second 2-1: Called Strike 2-2: Ground out 4-3 (Groundball, 4, EV 108.1 MPH) Artyom Shavkunov to third
|
|
Batting: SHB Nick Daigle
|
0-0: Foul Ball, location: 2F 0-1: Called Strike 0-2: Foul Ball, location: 2F 0-2: Ball 1-2: Foul Ball, location: 2F 1-2: Foul Ball, location: 2F 1-2: Ground out 1-3 (Groundball, 13S, EV 60.6 MPH)
|
|
Batting: SHB Keith Casner
|
0-0: Ball 1-0: Foul Ball, location: 2F 1-1: Ball 2-1: Called Strike 2-2: Foul Ball, location: 2F 2-2: Foul Ball, location: 2F 2-2: Foul Ball, location: 2F 2-2: Ball 3-2: Foul Ball, location: 2F 3-2: Ground out 4-3 (Groundball, 4D, EV 103.8 MPH)
|
| Bottom of the 1st over - 1 run, 0 hits, 0 errors, 1 left on base; Missoula 0 - Kingsport 1 |
| TOP OF THE 2ND |
|
Missoula Osprey batting - Pitching for Kingsport Mets : RHP Dan Mathews
|
|
Batting: RHB Jimmy McIntosh
|
0-0: Called Strike 0-1: Ball 1-1: Fly out, F7 (Flyball, 78M, EV 91.9 MPH)
|
|
Batting: RHB Isaiah Hampton
|
0-0: Ball 1-0: Ball 2-0: Called Strike 2-1: Foul Ball, location: 2F 2-2: Strikes out swinging
|
|
Batting: RHB Hyeok Shon
|
0-0: Ball 1-0: Ball 2-0: Ball 3-0: Called Strike 3-1: Base on Balls
|
|
Batting: RHB Jose Cuellar
|
0-0: Fly out, F8 (Flyball, 8RXD, EV 104.4 MPH)
|
| Top of the 2nd over - 0 runs, 0 hits, 0 errors, 1 left on base; Missoula 0 - Kingsport 1 |
| BOTTOM OF THE 2ND |
|
Kingsport Mets batting - Pitching for Missoula Osprey : RHP Moises Baez
|
|
Batting: RHB Enrique Aguirre
|
0-0: Ground out 1-3 (Groundball, 34S, EV 65.6 MPH)
|
|
Batting: RHB Chris Artz
|
0-0: Ball 1-0: Ball 2-0: Ball 3-0: Base on Balls
|
|
Batting: RHB Sam Callahan
|
0-0: Ball 1-0: Foul Ball, location: 2F 1-1: Swinging Strike 1-2: Ball 2-2: Strikes out swinging
|
|
Batting: LHB Matt Baker
|
0-0: Called Strike 0-1: Ball 1-1: Ball 2-1: Called Strike 2-2: Ground out 4-3 (Groundball, 34D, EV 88.1 MPH)
|
| Bottom of the 2nd over - 0 runs, 0 hits, 0 errors, 1 left on base; Missoula 0 - Kingsport 1 |
| TOP OF THE 3RD |
|
Missoula Osprey batting - Pitching for Kingsport Mets : RHP Dan Mathews
|
|
Batting: RHB Juan Mejia
|
0-0: SINGLE (Groundball, 56S, EV 70.6 MPH) (infield hit)
|
|
Batting: RHB Mike Smith
|
0-0: Called Strike 0-1: Swinging Strike 0-2: Strikes out swinging
|
|
Batting: RHB Hector Tabares
|
0-0: Called Strike Juan Mejia is caught stealing 2nd base 2-4 0-1: Ground out 4-3 (Groundball, 4, EV 106.2 MPH)
|
| Top of the 3rd over - 0 runs, 1 hit, 0 errors, 0 left on base; Missoula 0 - Kingsport 1 |
| BOTTOM OF THE 3RD |
|
Kingsport Mets batting - Pitching for Missoula Osprey : RHP Moises Baez
|
|
Batting: RHB Michael Youngberry
|
0-0: Ground out 4-3 (Groundball, 34, EV 90.0 MPH)
|
|
Batting: RHB Artyom Shavkunov
|
0-0: Ball 1-0: Ball 2-0: Ball 3-0: Called Strike 3-1: SINGLE (Groundball, 6MD, EV 104.4 MPH)
|
|
Batting: SHB Tyler Maddux
|
0-0: Ball 1-0: Ball 2-0: Fielders Choice at 2nd, 4-6 (Groundball, 4D, EV 96.9 MPH)
|
|
Batting: SHB Nick Daigle
|
0-0: Called Strike Tyler Maddux steals 2nd base (no throw) 0-1: Ball 1-1: Called Strike 1-2: SINGLE (Groundball, 4MD, EV 106.9 MPH) Tyler Maddux to third Runner from 3rd tries for Home, SAFE, throw by CF to home Nick Daigle to second
|
|
Batting: SHB Keith Casner
|
0-0: Ball 1-0: Called Strike 1-1: Ball 2-1: Foul Ball, location: 2F 2-2: Ball 3-2: Foul Ball, location: 2F 3-2: Foul Ball, location: 2F 3-2: Foul Ball, location: 2F 3-2: Strikes out swinging
|
| Bottom of the 3rd over - 1 run, 2 hits, 0 errors, 1 left on base; Missoula 0 - Kingsport 2 |
| TOP OF THE 4TH |
|
Missoula Osprey batting - Pitching for Kingsport Mets : RHP Dan Mathews
|
|
Batting: LHB Danny Salas
|
0-0: Ground out 6-3 (Groundball, 6M, EV 88.8 MPH)
|
|
Batting: LHB Ron Mills
|
0-0: Called Strike 0-1: Ball 1-1: Foul Ball, location: 2F 1-2: Fly out, F7 (Flyball, 7S, EV 85.6 MPH)
|
|
Batting: RHB Jimmy McIntosh
|
0-0: Swinging Strike 0-1: Swinging Strike 0-2: Strikes out swinging
|
| Top of the 4th over - 0 runs, 0 hits, 0 errors, 0 left on base; Missoula 0 - Kingsport 2 |
| BOTTOM OF THE 4TH |
|
Kingsport Mets batting - Pitching for Missoula Osprey : RHP Moises Baez
|
|
Batting: RHB Enrique Aguirre
|
0-0: SINGLE (Flyball, 4MD, EV 90.6 MPH)
|
|
Batting: RHB Chris Artz
|
0-0: Swinging Strike 0-1: Ball 1-1: TRIPLE (Flyball, 89XD, EV 103.8 MPH) Enrique Aguirre scores
|
|
Batting: RHB Sam Callahan
|
0-0: Called Strike 0-1: Foul Ball, location: 2F 0-2: Ball 1-2: Ground out 4-3 (Groundball, 34, EV 96.2 MPH) Chris Artz scores
|
|
Batting: LHB Matt Baker
|
0-0: Ball 1-0: Ball 2-0: Ball 3-0: Called Strike 3-1: Foul Ball, location: 2F 3-2: Base on Balls
|
|
Batting: RHB Michael Youngberry
|
0-0: Foul Ball, location: 2F 0-1: Ball 1-1: Called Strike Matt Baker steals 2nd base (no throw) 1-2: Foul Ball, location: 2F 1-2: Fly out, F8 (Line Drive, 8RD, EV 86.2 MPH) Runner from 2nd tags up, SAFE at 3rd with throw by CF
|
|
Batting: RHB Artyom Shavkunov
|
0-0: Ball 1-0: Ball 2-0: Ball 3-0: Called Strike 3-1: Base on Balls
|
|
Batting: SHB Tyler Maddux
|
0-0: Ball 1-0: Swinging Strike 1-1: SINGLE (Flyball, 78S, EV 85.0 MPH) Matt Baker scores Artyom Shavkunov to second
|
|
Batting: SHB Nick Daigle
|
0-0: Ball 1-0: Ball Wild Pitch! Artyom Shavkunov to third Tyler Maddux to second 2-0: Called Strike 2-1: Ground out 4-3 (Groundball, 4, EV 82.5 MPH)
|
| Bottom of the 4th over - 3 runs, 3 hits, 0 errors, 2 left on base; Missoula 0 - Kingsport 5 |
| TOP OF THE 5TH |
|
Missoula Osprey batting - Pitching for Kingsport Mets : RHP Dan Mathews
|
|
Batting: RHB Isaiah Hampton
|
0-0: Ball 1-0: Foul Ball, location: 2F 1-1: Ground out 5-3 (Groundball, 56, EV 78.1 MPH)
|
|
Batting: RHB Hyeok Shon
|
0-0: Ball 1-0: Ground out 6-3 (Groundball, 6, EV 86.2 MPH)
|
|
Batting: RHB Jose Cuellar
|
0-0: Foul Ball, location: 2F 0-1: Called Strike 0-2: Strikes out swinging
|
| Top of the 5th over - 0 runs, 0 hits, 0 errors, 0 left on base; Missoula 0 - Kingsport 5 |
| BOTTOM OF THE 5TH |
|
Kingsport Mets batting - Pitching for Missoula Osprey : RHP Moises Baez
|
|
Batting: SHB Keith Casner
|
0-0: Swinging Strike 0-1: Ground out U3 (Groundball, 3, EV 83.8 MPH)
|
|
Batting: RHB Enrique Aguirre
|
0-0: Foul Ball, location: 2F 0-1: Ball 1-1: Ball 2-1: Fly out, F4 (Flyball, 34D, EV 96.2 MPH)
|
|
Batting: RHB Chris Artz
|
0-0: Foul Ball, location: 2F 0-1: SINGLE (Groundball, 6D, EV 103.8 MPH)
|
|
Pitching: RHP Javier Rosales
|
|
|
Batting: RHB Sam Callahan
|
0-0: Ball Chris Artz is caught stealing 2nd base 2-4
|
| Bottom of the 5th over - 0 runs, 1 hit, 0 errors, 0 left on base; Missoula 0 - Kingsport 5 |
| TOP OF THE 6TH |
|
Missoula Osprey batting - Pitching for Kingsport Mets : RHP Dan Mathews
|
|
Batting: RHB Juan Mejia
|
0-0: SINGLE (Groundball, 4D, EV 106.2 MPH)
|
|
Batting: RHB Mike Smith
|
0-0: Called Strike 0-1: Ball 1-1: Ball 2-1: Swinging Strike 2-2: Foul Ball, location: 2F 2-2: Strikes out swinging
|
|
Batting: RHB Hector Tabares
|
0-0: Fielders Choice at 2nd, 1-6 (Groundball, 13S, EV 72.5 MPH)
|
|
Batting: LHB Danny Salas
|
0-0: Foul Ball, location: 2F 0-1: Fielders Choice at 2nd, 6-4 (Groundball, 6, EV 85.0 MPH)
|
| Top of the 6th over - 0 runs, 1 hit, 0 errors, 1 left on base; Missoula 0 - Kingsport 5 |
| BOTTOM OF THE 6TH |
|
Kingsport Mets batting - Pitching for Missoula Osprey : RHP Javier Rosales
|
|
Batting: RHB Sam Callahan
|
0-0: Fly out, F9 (Line Drive, 89M, EV 99.4 MPH)
|
|
Batting: LHB Matt Baker
|
0-0: Foul Ball, location: 2F 0-1: Ball 1-1: Ball 2-1: SINGLE (Groundball, 23, EV 60.6 MPH) (infield hit)
|
|
Batting: RHB Michael Youngberry
|
Pickoff Play to 1st, Runner tries for 2nd, OUT after rundown. 0-0: Foul Ball, location: 2F 0-1: Ball 1-1: Swinging Strike 1-2: Ball 2-2: Strikes out swinging
|
| Bottom of the 6th over - 0 runs, 1 hit, 0 errors, 0 left on base; Missoula 0 - Kingsport 5 |
| TOP OF THE 7TH |
|
Missoula Osprey batting - Pitching for Kingsport Mets : RHP Dan Mathews
|
|
Batting: LHB Ron Mills
|
0-0: Ball 1-0: SOLO HOME RUN (Flyball, 7D, EV 97.5 MPH), Distance : 378 ft
|
|
Batting: RHB Jimmy McIntosh
|
0-0: Ball 1-0: Foul Ball, location: 2F 1-1: Ball 2-1: Ball 3-1: Base on Balls
|
|
Batting: RHB Isaiah Hampton
|
0-0: Reached on error, E1 (Groundball, 13S, EV 43.8 MPH) Jimmy McIntosh to third
|
|
Batting: RHB Hyeok Shon
|
0-0: Foul Ball, location: 2F 0-1: Ground out 1-3 (Groundball, 13S, EV 65.0 MPH)
|
|
Batting: RHB Jose Cuellar
|
0-0: Ball 1-0: Foul Ball, location: 2F 1-1: Foul Ball, location: 2F 1-2: Ball 2-2: Foul Ball, location: 2F 2-2: Ball 3-2: Base on Balls
|
|
Batting: RHB Juan Mejia
|
0-0: Called Strike 0-1: Ball 1-1: Ball 2-1: Grounds into double play, 4-6-3 (Groundball, 4, EV 81.2 MPH)
|
| Top of the 7th over - 1 run, 1 hit, 1 error, 2 left on base; Missoula 1 - Kingsport 5 |
| BOTTOM OF THE 7TH |
|
Kingsport Mets batting - Pitching for Missoula Osprey : RHP Javier Rosales
|
|
Batting: RHB Artyom Shavkunov
|
0-0: Ball 1-0: Ball 2-0: Called Strike 2-1: Foul Ball, location: 2F 2-2: Foul Ball, location: 2F 2-2: SINGLE (Groundball, 34D, EV 103.1 MPH)
|
|
Batting: SHB Tyler Maddux
|
0-0: Called Strike 0-1: Ball 1-1: Swinging Strike 1-2: Ball 2-2: Ball 3-2: Base on Balls Artyom Shavkunov to second
|
|
Batting: SHB Nick Daigle
|
0-0: Called Strike 0-1: Swinging Strike 0-2: Strikes out swinging
|
|
Batting: SHB Keith Casner
|
0-0: Ball 1-0: Ball 2-0: Called Strike 2-1: Called Strike 2-2: Ball 3-2: SINGLE (Groundball, 56D, EV 96.9 MPH) Artyom Shavkunov to third Tyler Maddux to second Runner from 3rd tries for Home, SAFE, throw by LF to home
|
|
Batting: RHB Enrique Aguirre
|
0-0: Ball Tyler Maddux steals 3rd base (no throw) 1-0: Ball 2-0: Ball 3-0: Called Strike 3-1: 3-RUN HOME RUN (Flyball, 78XD, EV 101.9 MPH), Distance : 418 ft
|
|
Pitching: RHP Jon Wernli
|
|
|
Batting: RHB Chris Artz
|
0-0: Foul Ball, location: 2F 0-1: Ball 1-1: Foul Ball, location: 2F 1-2: Ball 2-2: Ball 3-2: Base on Balls
|
|
Batting: RHB Sam Callahan
|
0-0: Foul Ball, location: 2F 0-1: Ball 1-1: TRIPLE (Flyball, 8RXD, EV 105.6 MPH) Chris Artz scores
|
|
Pinch Hitting: RHB Coltin Nellis
|
0-0: Ball Wild Pitch! Sam Callahan scores 1-0: Called Strike 1-1: Ball 2-1: Ball 3-1: Base on Balls
|
|
Pinch Hitting: RHB Danny Runberg
|
0-0: Swinging Strike 0-1: Ball 1-1: Ball 2-1: Ball 3-1: Swinging Strike 3-2: Base on Balls Coltin Nellis to second
|
|
Pitching: RHP D.J. Bryant
|
|
|
Batting: RHB Artyom Shavkunov
|
0-0: Ball 1-0: Grounds into double play, 6-4-3 (Groundball, 6M, EV 81.9 MPH)
|
| Bottom of the 7th over - 6 runs, 4 hits, 0 errors, 1 left on base; Missoula 1 - Kingsport 11 |
| TOP OF THE 8TH |
|
Missoula Osprey batting - Pitching for Kingsport Mets : RHP Dan Mathews
|
|
Pitching: RHP Justin Williams
|
|
|
Now at 1B: Danny Runberg
|
|
|
Now in LF: Chris Artz
|
|
|
Now in RF: Coltin Nellis
|
|
|
Pinch Hitting: RHB Claude Leduc
|
0-0: Called Strike 0-1: Ball 1-1: Called Strike 1-2: Foul Ball, location: 2F 1-2: Ball 2-2: Ground out 5-3 (Groundball, 56S, EV 86.9 MPH)
|
|
Pinch Hitting: LHB Nelson Pelico
|
0-0: Ground out U3 (Groundball, 3, EV 96.2 MPH)
|
|
Batting: LHB Danny Salas
|
0-0: Ball 1-0: Ball 2-0: Ground out 4-3 (Groundball, 34D, EV 100.6 MPH)
|
| Top of the 8th over - 0 runs, 0 hits, 0 errors, 0 left on base; Missoula 1 - Kingsport 11 |
| BOTTOM OF THE 8TH |
|
Kingsport Mets batting - Pitching for Missoula Osprey : RHP D.J. Bryant
|
|
Now at 2B: Claude Leduc
|
|
|
Now at 3B: Nelson Pelico
|
|
|
Batting: SHB Tyler Maddux
|
0-0: Ball 1-0: Foul Ball, location: 2F 1-1: Foul Ball, location: 2F 1-2: Fly out, F7 (Flyball, 7, EV 79.4 MPH)
|
|
Batting: SHB Nick Daigle
|
0-0: Ball 1-0: Ground out U3 (Groundball, 3S, EV 83.8 MPH)
|
|
Batting: SHB Keith Casner
|
0-0: Foul Ball, location: 2F 0-1: Fly out, F8 (Flyball, 8RM, EV 90.0 MPH)
|
| Bottom of the 8th over - 0 runs, 0 hits, 0 errors, 0 left on base; Missoula 1 - Kingsport 11 |
| TOP OF THE 9TH |
|
Missoula Osprey batting - Pitching for Kingsport Mets : RHP Justin Williams
|
|
Pinch Hitting: RHB Dave Beerman
|
0-0: Ball 1-0: Ball 2-0: Ball 3-0: Swinging Strike 3-1: Called Strike 3-2: Strikes out swinging
|
|
Batting: RHB Jimmy McIntosh
|
0-0: Foul Ball, location: 2F 0-1: Foul Ball, location: 2F 0-2: Ball 1-2: Ball 2-2: Ball 3-2: Strikes out looking
|
|
Batting: RHB Isaiah Hampton
|
0-0: Called Strike 0-1: Ball 1-1: Ball 2-1: Ground out 6-3 (Groundball, 6, EV 105.0 MPH)
|
| Top of the 9th over - 0 runs, 0 hits, 0 errors, 0 left on base; Missoula 1 - Kingsport 11 |
|